 Dungeon Crawl Stone Soup version 0.14.0-18-g0341e45 (webtiles) character file.

339 Lallikatu the Magician (level 5, 0/31 HPs)
             Began as a High Elf Wizard on Apr 20, 2014.
             Succumbed to a scorpion's poison
             ... on Level 4 of the Dungeon.
             The game lasted 01:16:00 (3519 turns).

Lallikatu the Magician (High Elf Wizard)            Turns: 3519, Time: 01:16:00

HP   0/31        AC  3     Str 11      XL: 5   Next: 70%
MP   4/18        EV 13     Int 22      God:
Gold 112         SH  0     Dex 14      Spells:  5 memorised,  5 levels left

rFire  . . .     SeeInvis .     a - +0 spear
rCold  . . .     Clarity  .     v - +0 robe
rNeg   . . .     Conserve .     (no shield)
rPois  .         rCorr    .     B - +1 hat
rElec  .         rRot     .     (no cloak)
SustAb . .       Spirit   .     (no gloves)
rMut   .         Warding  .     (no boots)
Saprov . . .     Stasis   .     (no amulet)
MR     .....                    (no ring)
                                (no ring)

@: mighty, lethally poisoned, very slightly contaminated, not resistant to
hostile enchantments, stealthy
A: no striking features
a: no special abilities


You were on level 4 of the Dungeon.
You were not hungry.

You visited 1 branch of the dungeon, and saw 4 of its levels.

You collected 112 gold pieces.

Inventory:

Hand weapons
 a - a +0,+0 spear (weapon)
 b - a +2,+2 sling
 e - a +0,-1 club
 r - a +1,+2 vampiric dagger
 y - a +0,+0 quarterstaff
 D - a cursed +0,+0 spear
Missiles
 h - 7 tomahawks (quivered)
 i - 3 darts
 k - 9 arrows
 t - 16 poisoned needles
 C - 3 darts of frost
 F - 2 arrows of flame
 H - 24 sling bullets
 K - 20 stones
Armour
 m - a +0 ring mail
 v - a +0 robe (worn)
 z - a +0 robe
 B - a +1 hat (worn)
 I - a +0 robe
Comestibles
 d - a bread ration
 l - a lemon
 q - 2 apples
 J - a choko
Scrolls
 g - a scroll of remove curse
 E - a scroll of enchant armour
Potions
 f - 2 potions of agility
 j - 2 potions of brilliance
 n - 2 potions of invisibility
 p - 2 potions of confusion
 s - a potion of haste
 x - a potion of mutation {unknown}
 A - a potion of poison {unknown}
 G - a potion of curing {unknown}
Books
 c - a book of Minor Magic

   Spells                             Type                      Level
   *Magic Dart                        Conjuration                  1
   *Blink                             Translocation                2
   *Call Imp                          Summoning                    2
   Repel Missiles                     Charms/Air                   2
   *Slow                              Hexes                        2
   Conjure Flame                      Conjuration/Fire             3
   *Mephitic Cloud                    Conjuration/Poison/Air       3


   Skills:
 + Level 0.2 Fighting
 + Level 0.2 Maces & Flails
 + Level 0.4 Polearms
 + Level 1.0 Throwing
 + Level 3.1 Dodging
 + Level 3.2 Stealth
 + Level 5.5 Spellcasting
 + Level 2.3 Conjurations
 + Level 0.4 Hexes
 + Level 1.0 Summonings
 + Level 1.3 Translocations


You had 5 spell levels left.
You knew the following spells:

 Your Spells              Type           Power        Failure   Level  Hunger
a - Magic Dart            Conj           ###.         4%          1    None
b - Blink                 Tloc           N/A          10%         2    None
c - Slow                  Hex            #.......     14%         2    None
d - Call Imp              Summ           ##......     12%         2    None
e - Mephitic Cloud        Conj/Pois/Air  #.......     21%         3    ##.....


Dungeon Overview and Level Annotations

Branches:
Dungeon (4/15)
 Temple: D:4-7

Altars:

Annotations:
D:4 Natasha


Message History

* * * LOW HITPOINT WARNING * * *
You feel sick. The scorpion stings you.
* * * LOW HITPOINT WARNING * * *
Casting: Magic Dart
Confirm with . or Enter, or press ? or * to list all spells.
Aiming: Magic Dart
Press: ? - help, Shift-Dir - straight line, f/p - scorpion
Aim: a scorpion (almost dead, moving slowly)
The magic dart hits the scorpion.
You kill the scorpion!
* * * LOW HITPOINT WARNING * * *
You feel sick.
Drink which item? (? for menu, Esc to quit)
You feel very mighty all of a sudden.
It was a potion of might.
* * * LOW HITPOINT WARNING * * *
You feel sick.
Drink which item? (? for menu, Esc to quit)
You feel refreshed.
It was a potion of restore abilities.
You die...

.......#.##### ...
.....#.(...# ...
.....#.#########.#
........<.....##'##
.......#.####.....####.#
###..).#................
###....#.###...........#
.............>...........
###....#####.#..@...#..#.
.......# #....%........
###...########......#.#..
#...........#..#......
###..#####...........##.
.................#.#...
.......................
###%#####...#.#.........
###.# #...#.#.##.....


There were no monsters in sight!

Vanquished Creatures
  A scorpion (D:4)
  A crimson imp (D:3)
  Natasha (D:4)
  An adder (D:2)
  2 worms
  3 oozes
  8 orcs (D:4)
  2 ball pythons
  A bat skeleton (D:4)
  2 giant cockroaches
  10 goblins
  9 hobgoblins
  7 jackals
  8 bats
  A giant newt (D:2)
  11 kobolds
  3 quokkas
  16 rats
87 creatures vanquished.

Vanquished Creatures (collateral kills)
  Natasha (D:4)
  A white imp (D:4)
2 creatures vanquished.

Vanquished Creatures (others)
  2 shadow imps (D:4)
2 creatures vanquished.

Grand Total: 91 creatures vanquished

Notes
Turn   | Place    | Note
--------------------------------------------------------------
     0 | D:1      | Lallikatu, the High Elf Wizard, began the quest for the Orb.
     0 | D:1      | Reached XP level 1. HP: 11/11 MP: 5/5
   232 | D:1      | Reached XP level 2. HP: 9/17 MP: 0/7
   236 | D:1      | Reached skill level 4 in Spellcasting
   787 | D:1      | Learned a level 2 spell: Blink
   790 | D:1      | Learned a level 2 spell: Slow
   793 | D:1      | Learned a level 2 spell: Call Imp
   977 | D:2      | Reached XP level 3. HP: 21/21 MP: 6/11
  1627 | D:2      | Learned a level 3 spell: Mephitic Cloud
  1780 | D:3      | Reached XP level 4. HP: 27/27 MP: 7/14
  2610 | D:4      | Noticed Natasha
  2620 | D:4      | Killed Natasha
  2715 | D:4      | Noticed an ogre
  2982 | D:3      | Reached skill level 5 in Spellcasting
  3012 | D:3      | Reached skill level 1 in Throwing
  3012 | D:3      | Reached skill level 1 in Summonings
  3012 | D:3      | Reached XP level 5. HP: 29/31 MP: 12/18
  3232 | D:4      | Noticed Natasha
  3266 | D:4      | Killed Natasha
  3290 | D:4      | Noticed Natasha
  3518 | D:4      | HP: 1/31 [poisoned by a scorpion]
  3519 | D:4      | Succumbed to a scorpion's poison

Action                   |  1- 3 |  4- 6 || total
-------------------------+-------+-------++-------
Melee: Club              |    30 |       ||    30
       Spear             |     3 |    76 ||    79
Throw: Tomahawk          |    10 |     8 ||    18
 Cast: Magic Dart        |   117 |   118 ||   235
       Blink             |     3 |     2 ||     5
       Slow              |       |     6 ||     6
       Call Imp          |       |     6 ||     6
       Mephitic Cloud    |       |     1 ||     1
  Use: Scroll            |    12 |     1 ||    13
       Potion            |       |     5 ||     5
 Stab: Sleeping          |       |     2 ||     2
       Confused          |       |     1 ||     1
